 Dungeon Crawl Stone Soup version 0.30-a0-743-gbfdf073431 (webtiles) character file.

Game seed: 15534045060468654773

4 BRD the Gusty (level 1, 0/10 HPs)
             Began as a Tengu Air Elementalist on Feb 5, 2023.
             Slain by a quokka (3 damage)
             ... on level 1 of the Dungeon.
             The game lasted 00:00:40 (492 turns).

BRD the Gusty (Tengu Air Elementalist)               Turns: 492, Time: 00:00:40

Health: 0/10       AC:  2    Str:  8    XL:     1   Next: 70%
Magic:  0/4        EV: 12    Int: 15    God:
Gold:   14         SH:  0    Dex: 14    Spells: 3/4 levels left

rFire   . . .      SeeInvis .    (no weapon)
rCold   . . .      Faith    .    (no shield)
rNeg    . . .      Spirit   .    a - +0 robe
rPois   .          Reflect  .    (helmet restricted)
rElec   .          Harm     .    (no cloak)
rCorr   .          Rampage  .    (no gloves)
Will    .....                    (boots unavailable)
Stlth   ++                       (no amulet)
HPRegen 0.21/turn                (no ring)
MPRegen 0.09/turn                (no ring)

@: no status effects
A: beak, talons 3
a: no special abilities


You were on level 1 of the Dungeon.
You visited 1 branch of the dungeon, and saw 1 of its levels.

You collected 14 gold pieces.

Inventory:

Armour
 a - a +0 robe (worn)
Scrolls
 c - a scroll of teleportation {unknown}
 d - a scroll of fog {unknown}
 e - a scroll of enchant weapon {unknown}
 f - a scroll of amnesia {unknown}
Potions
 b - a potion of magic


   Skills:
 - Level 2.1 Dodging
 - Level 2.0 Stealth
 + Level 2.2 Spellcasting
 - Level 1.3 Conjurations
 + Level 4.2 Air Magic


You had 3 spell levels left.
You knew the following spells:

 Your Spells              Type           Power      Damage    Failure   Level
a - Shock                 Conj/Air       40%        1d5       7%          1

Your spell library contained the following spells:

 Spells                   Type           Power      Damage    Failure   Level
 Static Discharge         Conj/Air       20%        2-3/arc   11%         2
 Swiftness                Air            14%        N/A       12%         3
 Airstrike                Air            7%         2d(1-17)  36%         4


Dungeon Overview and Level Annotations

Branches:
Dungeon (1/15)

Altars:


Innate Abilities, Weirdness & Mutations

You have a beak for a mouth.
You have claws for feet.


Message History

The goblin shouts!
You hear a shout!
Aiming: Shock (safe; 7% risk of failure)
Press: ? - help, Q - select action Shift-Dir - straight line, f/p - goblin
Aim: a goblin, wielding a +0 club (severely wounded, 60% to hit)
The zap hits the goblin.
You kill the goblin!
A quokka comes into view.
A quokka is nearby!
Aiming: Shock (safe; 7% risk of failure)
Press: ? - help, Q - select action Shift-Dir - straight line The zap hits the quokka.
The quokka is heavily wounded.
The zap misses the quokka.
Aiming: Shock (safe; 7% risk of failure)
Press: ? - help, Q - select action Shift-Dir - straight line You miscast Shock.
You are very lightly contaminated with residual magic.
Nothing appears to happen.
You don't have enough magic to cast this spell.
You don't have enough magic to cast this spell.
The quokka attacks as you move away! The quokka barely misses you.
A quokka comes into view.
The quokka barely misses you.
Your magical contamination has completely faded away.
You don't have enough magic to cast this spell.
You don't have enough magic to cast this spell.
The quokka bites you.
Aiming: Shock (safe; 7% risk of failure)
Press: ? - help, Q - select action Shift-Dir - straight line, f - quokka
Aim: a quokka (56% to hit)
The zap misses the quokka.
The quokka bites you. x2
* * * LOW HITPOINT WARNING * * *
The quokka closely misses you. The quokka barely misses you.
You closely miss the quokka. You claw the quokka, but do no damage.
The quokka closely misses you. x2
You hit the quokka but do no damage. Your kick misses the quokka.
The quokka bites you.
You die...

#................########
#
#..########.##...........
#..# #.##..#########
#..########.###..#
#...........# ##.#
#.#########.####.########
.... ................
#.###.#
############.####### # .#
#....r@r...........# .#
#.#############....... .#
###)##. .# .. .


You could see 2 quokkas.

Vanquished Creatures
  A dart slug (D:1)
  A goblin (D:1)
  A kobold (D:1)
3 creatures vanquished.

Notes
Turn   | Place    | Note
-------+----------+-------------------------------------------
     0 | D:1      | BRD the Tengu Air Elementalist began the quest for the Orb.
     0 | D:1      | Reached XP level 1. HP: 10/10 MP: 4/4
   492 | D:1      | Slain by a quokka

Illustrated notes

Levels and vault maps discovered:
D:1:      amcnicky_arrival_flooded_fountain, layout_basic,
          shapermc_ecumenical_altar_flowoftime, minmay_strange_pillars,
          minivault_11, nicolae_figureground_pulse

Action                     || total
---------------------------++-------
  Melee: Unarmed           ||     4
         Kick              ||     1
   Cast: Shock             ||    12
  Dodge: Dodged            ||     9

Table legend: (Time is in decaauts)
 A = Elapsed time spent in this place.
 B = Non-inter-level travel time spent in this place.
 C = Inter-level travel time spent in this place.
 D = Time resting spent in this place.
 E = Time spent auto-exploring this place.
 F = Levels seen in this place.
 G = Mean time per level.
                   A        B        C        D        E       F      G
               +--------+--------+--------+--------+--------+-----+--------+
         Total |    492 |    492 |      0 |      4 |    431 |   1 |  492.0 |
       Dungeon |    492 |    492 |      0 |      4 |    431 |   1 |  492.0 |
               +--------+--------+--------+--------+--------+-----+--------+

Top non-repeatable levels by time:
     D:1: 492 daAuts
